 Dungeon Crawl Stone Soup version 0.30.1-4-g462c640d31 (webtiles) character file.

Game seed: 6791271057093647383

34 Peloso the Covered (level 3, -2/30 HPs)
             Began as a Barachi Fighter on Aug 22, 2023.
             Slain by a ball python (3 damage)
             ... on level 2 of the Dungeon.
             The game lasted 00:02:53 (960 turns).

Peloso the Covered (Barachi Fighter)                 Turns: 960, Time: 00:02:54

Health: -2/30      AC:  7    Str: 17      XL:     3   Next: 31%
Magic:  3/3        EV:  6    Int:  6 (8)  God:
Gold:   72         SH:  4    Dex: 11 (13) Spells: 2/2 levels left

rFire   . . .        a - +0 long sword
rCold   . . .        c - +0 buckler
rNeg    . . .        b - +0 scale mail
rPois   .            (no helmet)
rElec   .            (no cloak)
rCorr   .            (no gloves)
SInv    .            (no boots)
Will    .....        (no amulet) Stlth
                     (no ring)
HPRegen 0.25/turn    (no ring)
MPRegen 0.08/turn

%: no passive effects
@: constricted, slow
A: amphibious, slowness 1, strong legs 1, +LOS
a: Hop


You were on level 2 of the Dungeon.
You visited 1 branch of the dungeon, and saw 2 of its levels.

You collected 72 gold pieces.

Inventory:

Hand Weapons
 a - a +0 long sword (weapon)
Armour
 b - a +0 scale mail (worn)
 c - a +0 buckler (worn)
Scrolls
 e - a scroll of identify
 f - a scroll of teleportation {unknown}
 k - a scroll of enchant weapon
Potions
 d - a potion of might
 g - a potion of berserk rage
 h - a potion of haste {unknown}


   Skills:
 + Level 3.9 Fighting
 + Level 3.3 Long Blades
 + Level 4.1 Armour
 + Level 3.5 Shields


You had 2 spell levels left.
You didn't know any spells.
Your spell library was empty.

Dungeon Overview and Level Annotations

Branches:
Dungeon (2/15)

Altars:

Annotations:
D:2 Robin


Innate Abilities, Weirdness & Mutations

You are amphibious.
You cover ground slowly.
You can hop short distances.
You have an extended range of vision and can be seen from far away.


Message History

Unknown command.
You miss the goblin.
The goblin is moderately wounded.
The goblin no longer looks unusually strong.
The ball python bites you but does no damage.
The ball python constricts you. The goblin hits you but does no damage.
Robin roars a battlecry!
The goblins go into a battle-frenzy!
Hop to where?
Press: ? - help, Dir - move target, f - ball python
Aim: a ball python (constricting you)
Okay, then.
You completely miss the goblin.
The goblin is moderately wounded.
The goblin no longer looks unusually strong.
The ball python bites you.
* * * LOW HITPOINT WARNING * * *
The ball python constricts you. The goblin hits you but does no damage.
The ball python bites you but does no damage.
The ball python constricts you.
You closely miss the goblin.
The goblin is moderately wounded.
The hobgoblin no longer looks unusually strong.
The ball python bites you but does no damage.
The ball python constricts you. The goblin hits you but does no damage.
Unknown command.
You barely miss the goblin.
The goblin is moderately wounded.
The ball python barely misses you. The ball python constricts you.
The goblin barely misses you.
The ball python bites you but does no damage.
The ball python constricts you.
Unknown command.
You miss the goblin.
The goblin is moderately wounded.
The goblin no longer looks unusually strong.
The goblin hits you with a +0 club.
* * * LOW HITPOINT WARNING * * *
The ball python bites you.
You die...

#### ### #.. ..# #g# #.# #@# #.#
###S# #.# ## #.gg# #.# ##+###..
#gSg#####.###.......
####.ggg..##........... ..
#..............#....... ....
#..............#.......
....#######..............#.......
.................................


You could see Robin, a hobgoblin, 6 goblins and 2 ball pythons.

Vanquished Creatures
  An adder (D:2)
  3 endoplasms
  A giant cockroach (D:2)
  4 goblins
  2 hobgoblins
  3 jackals (D:1)
  3 quokkas
  2 ball pythons (D:1)
  A bat (D:1)
  A frilled lizard (D:1)
  A rat (D:1)
22 creatures vanquished.

Notes
Turn   | Place    | Note
-------+----------+-------------------------------------------
     0 | D:1      | Peloso the Barachi Fighter began the quest for the Orb.
     0 | D:1      | Reached XP level 1. HP: 18/18 MP: 1/1
   164 | D:1      | Reached XP level 2. HP: 24/25 MP: 2/2
   344 | D:1      | Reached skill level 4 in Armour
   741 | D:2      | Reached XP level 3. HP: 18/30 MP: 3/3
   915 | D:2      | Noticed Robin
   960 | D:2      | HP: 1/30 [goblin/+0 club[Robin] (2)]
   960 | D:2      | Slain by a ball python

Illustrated notes

Levels and vault maps discovered:
D:1:      dpeg_arrival_line_fractal, layout_basic
D:2:      layout_basic, wander_ebering_terrifying_dragon_lair, uniq_robin

Skill      XL: |  1  2 |
---------------+-------+-----
Armour         | 4 |  4.1
Long Blades    | 3 |  3.3
Fighting       | |  3.9
Shields        | |  3.5

Action                     || total
---------------------------++-------
  Melee: Long sword        ||    67
Ability: Hop               ||     2
    Use: Scroll            ||     3
         Potion            ||     3
 Armour: Scale mail        ||    57
  Dodge: Dodged            ||    40
  Block: Buckler           ||    23
